 Dungeon Crawl Stone Soup version 0.31.0-10-gcf4a605ca0 (webtiles) character file.

Game seed: 2952172927363956010

154112 monsoonserge the Unseen (level 18, -2/112 HPs)
             Began as a Kobold Monk on Jan 25, 2024.
             Was a Follower of Uskayaw.
             Slain by a merfolk impaler
             ... wielding a +3 trident of freezing
              (7 damage)
             ... on level 4 of the Shoals on Jan 26, 2024.
             The game lasted 02:50:58 (28228 turns).

monsoonserge the Unseen (Kobold Monk)              Turns: 28228, Time: 02:50:58

Health: -2/112     AC: 18    Str:  8    XL:     18   Next: 24%
Magic:  15/26      EV: 27    Int: 12    God:    Uskayaw [*.....]
Gold:   2908       SH: 18    Dex: 28    Spells: 19/21 levels left

rFire   . . .        x - +7 dagger (distort)
rCold   + + .        O - +2 kite shield {rC+}
rNeg    + + +        s - +3 leather armour of the Endless Expanse {rC+ rN+ Int-2 Slay+2}
rPois   .            k - +2 helmet of the Trombone {rN++}
rElec   .            B - +0 cloak
rCorr   .            J - +0 pair of gloves
SInv    .            z - +0 pair of boots "Noihysy" {Rampage Regen+ Int+2 Dex+3}
Will    +....        E - amulet of faith
Stlth   +++++++++    Z - +4 ring of protection
HPRegen 1.18/turn    h - ring of flight
MPRegen 0.20/turn

%: rampage, faith
@: flying, hasted, very quick
A: small, no large weapons, nightstalker 3
a: Renounce Religion, Stomp


You were on level 4 of the Shoals.
You worshipped Uskayaw.
Uskayaw was aware of your devotion.
You visited 5 branches of the dungeon, and saw 27 of its levels.
You visited the Abyss 1 time.
You also visited: Sewer and Ice Cave.

You collected 3280 gold pieces.
You spent 372 gold pieces at shops.

Inventory:

Hand Weapons
 x - a +7 dagger of distortion (weapon)
Missiles
 H - 38 boomerangs (quivered)
 I - 9 throwing nets
 Y - 11 curare-tipped darts
Armour
 k - the +2 helmet of the Trombone (worn) {rN++}
   (You acquired it on level 2 of the Lair of Beasts)

   rN++:      It greatly protects you from negative energy.
 s - the +3 leather armour of the Endless Expanse (worn) {rC+ rN+ Int-2 Slay+2}
   (You found it on level 2 of the Dungeon)

   Int-2:     It affects your intelligence (-2).
   Slay+2:    It affects your accuracy & damage with ranged weapons and melee
   (+2).
   rC+:       It protects you from cold.
   rN+:       It protects you from negative energy.
 z - the +0 pair of boots "Noihysy" (worn) {Rampage Regen+ Int+2 Dex+3}
   (You found it on level 4 of the Dungeon)

   Int+2:     It affects your intelligence (+2).
   Dex+3:     It affects your dexterity (+3).
   Regen+:    It increases your rate of health regeneration.
   Rampage:   It bestows one free step when moving towards enemies.
 B - a +0 cloak (worn)
 J - a +0 pair of gloves (worn)
 O - a +2 kite shield of cold resistance (worn)
 P - a +1 helmet of see invisible
 S - +0 acid dragon scales
Jewellery
 d - a ring of see invisible
 h - a ring of flight (right hand)
 E - an amulet of faith (around neck)
 L - the ring of Rehif {rPois rF+ Int+5}
   (You found it in an ice cave)

   [ring of poison resistance]

   Int+5:     It affects your intelligence (+5).
   rF+:       It protects you from fire.
   rPois:     It protects you from poison
 X - a ring of resist corrosion
 Z - a +4 ring of protection (left hand)
Wands
 b - a wand of digging (5)
 g - a wand of acid (9)
 j - a wand of charming (2)
 N - a wand of mindburst (11)
 Q - a wand of polymorph (3)
 T - a wand of roots (37)
 V - a wand of flame (41)
Scrolls
 a - 9 scrolls of blinking
 e - 5 scrolls of poison
 n - 8 scrolls of fog
 o - a scroll of amnesia
 q - 5 scrolls of fear
 t - 6 scrolls of butterflies
 w - 5 scrolls of revelation
 y - 4 scrolls of enchant armour
 A - 2 scrolls of immolation
 F - a scroll of torment
 G - 4 scrolls of silence
 R - 4 scrolls of teleportation
Potions
 c - 9 potions of ambrosia
 f - 11 potions of curing
 i - 5 potions of attraction
 l - 3 potions of heal wounds
 m - a potion of haste
 p - 9 potions of lignification
 r - 5 potions of cancellation
 u - 3 potions of might
 v - 2 potions of magic
 C - 2 potions of enlightenment
 K - 2 potions of mutation
 M - 4 potions of berserk rage
 U - 3 potions of invisibility
 W - 5 potions of brilliance
Miscellaneous
 D - a lightning rod (inert)


   Skills:
 + Level 12.0 Fighting
 - Level 11.0 Short Blades
 - Level 6.0 Throwing
 + Level 7.0 Armour
 + Level 14.0 Dodging
 - Level 19.0 Stealth
 + Level 13.5 Shields
 - Level 2.0 Spellcasting
 + Level 6.5 Translocations
 * Level 11.8 Invocations
 + Level 5.0 Evocations


You had 19 spell levels left.
You knew the following spells:

 Your Spells              Type           Power      Damage    Failure   Level
a - Blink                 Tloc           32%        N/A       11%         2

Your spell library contained the following spells:

 Spells                   Type           Power      Damage    Failure   Level
 Apportation              Tloc           32%        N/A       7%          1
 Passage of Golubria      Tloc           16%        N/A       56%         4
 Volatile Blastmotes      Fire/Tloc      18%        2d11      61%         3
 Foxfire                  Conj/Fire      4%         2x1d4     69%         1
 Freeze                   Ice            4%         1d3       69%         1
 Magic Dart               Conj           4%         1d3       69%         1
 Shock                    Conj/Air       4%         1d3       69%         1
 Call Imp                 Summ           2%         N/A       83%         2
 Ensorcelled Hibernation  Hex/Ice        2%         N/A       83%         2
 Jinxbite                 Hex            2%         N/A       83%         2
 Mercury Vapours          Alch/Air       2%         N/A       83%         2
 Static Discharge         Conj/Air       2%         3-4/arc   83%         2
 Iskenderun's Mystic Bla  Conj/Tloc      9%         2d4       95%         4
 Vhi's Electric Charge    Tloc/Air       18%        N/A       95%         4
 Dazzling Flash           Conj/Hex       2%         N/A       96%         3
 Frozen Ramparts          Ice            2%         1d1       96%         3
 Hailstorm                Conj/Ice       1%         3d5       96%         3
 Summon Ice Beast         Ice/Summ       1%         N/A       96%         3
 Swiftness                Air            1%         N/A       96%         3
 Tukima's Dance           Hex            1%         N/A       96%         3
 Airstrike                Air            0%         2d(1-17)  100%        4
 Animate Armour           Summ/Erth      2%         N/A       100%        4
 Fulminant Prism          Conj/Alch      0%         3d5       100%        4
 Sticky Flame             Fire/Alch      1%         2d4       100%        4
 Summon Lightning Spire   Summ/Air       1%         N/A       100%        4
 Alistair's Intoxication  Alch           0%         N/A       100%        5
 Arcjolt                  Conj/Air       0%         1d10      100%        5
 Lee's Rapid Deconstruct  Erth           0%         3d4*      100%        5
 Metabolic Englaciation   Hex/Ice        0%         N/A       100%        5
 Summon Mana Viper        Hex/Summ       1%         N/A       100%        5
 Yara's Violent Unravell  Hex/Alch       0%         3d3       100%        5
 Conjure Ball Lightning   Conj/Air       0%         3x3d6     100%        6
 Sculpt Simulacrum        Ice/Alch       0%         N/A       100%        6
 Starburst                Conj/Fire      0%         6d3       100%        6
 Monstrous Menagerie      Summ           0%         N/A       100%        7
 Ozocubu's Refrigeration  Ice            0%         4d7       100%        7
 Discord                  Hex            0%         N/A       100%        8
 Disjunction              Tloc           8%         N/A       100%        8
 Maxwell's Capacitive Co  Air            0%         ∞         100%        8
 Fire Storm               Conj/Fire      0%         6d1       100%        9
 Polar Vortex             Ice            0%         N/A       100%        9


Dungeon Overview and Level Annotations

Branches:
Dungeon (15/15)            Temple (1/1) D:7            Lair (5/5) D:10
 Shoals (4/4) Lair:3        Snake (0/4) Lair:2        Slime (0/5) Lair:5
    Orc (2/2) D:9             Elf (0/3) Orc:2        Vaults (0/5) D:14
 Depths (0/4) D:15          Sewer (visited)           IceCv (visited)

Altars:
Ashenzari
Cheibriados
Dithmenos
Elyvilon
Fedhas
Gozag
Hepliaklqana
Kikubaaqudgha
Makhleb
Nemelex Xobeh
Okawaru
Qazlal
Ru
Sif Muna
Trog
Uskayaw
Vehumet
Wu Jian
Xom
Yredelemnul
Zin
The Shining One
Jiyva

Shops:
D:2 ([   D:9 :[(   D:12 [   D:13 ==   Orc:2 :!!*   Shoals:3 **[(

Annotations:
D:7 1 runed translucent door, Crazy Yiuf
Lair:2 2 transporters, exclusions: ice statue and oklob plant, Pechyafi's ghost, journeyman DDEE


Innate Abilities, Weirdness & Mutations

You are small and have problems with some larger weapons.
You are completely attuned to the shadows.


Message History

The merfolk impaler is severely wounded.
You can no longer stomp with the beat.
You are engulfed in a cloud of scalding steam.
You block the merfolk impaler's attack.
The merfolk impaler completely misses you.
The merfolk impaler hits you but does no damage.
You block the merfolk impaler's attack.
The merfolk aquamancer gestures at you while chanting.
You block the shard of ice. The merfolk impaler closely misses you.
The merfolk impaler misses you. The satyr barely misses you.
The merfolk impaler completely misses you.
You can now stomp with the beat.
You hit the merfolk impaler.
Space warps around the merfolk impaler.
The merfolk impaler is severely wounded.
The merfolk is engulfed in a cloud of scalding steam.
You block the merfolk's attack.
The merfolk impaler hits you from afar with a +4 trident of freezing!
The merfolk impaler freezes you. The merfolk impaler misses you.
The merfolk impaler hits you from afar with a +3 trident of freezing!
The merfolk impaler hits you from afar with a +1 trident of flaming!
* * * LOW HITPOINT WARNING * * *
The merfolk impaler burns you!
* * * LOW HITPOINT WARNING * * *
Unknown command.
Okay, then.
You feel yourself speed up. The merfolk aquamancer misses you.
The satyr hits you but does no damage.
The merfolk impaler hits you from afar with a +4 trident of freezing.
* * * LOW HITPOINT WARNING * * *
The merfolk impaler freezes you.
* * * LOW HITPOINT WARNING * * *
You block the merfolk impaler's attack.
The merfolk is engulfed in a cloud of scalding steam.
You block the merfolk's attack.
The merfolk impaler hits you from afar with a +1 trident of flaming!
* * * LOW HITPOINT WARNING * * *
The merfolk impaler burns you.
* * * LOW HITPOINT WARNING * * *
The merfolk impaler hits you from afar with a +3 trident of freezing!
You die...

~~~~~~~~~~~~~,~,,~~,~~~~~~~~~~~
~~~,~~~~~~~,,,,,,,,,,~~~~~~~~~~
~~~,,,~~,,,,,,*****,~~~~~~~~~~~
~~,,,,,,,,~~,**,,,**~~~~~~~~~~~
~~,,,,~~,~~~,#...~~#~~~~~~~~~~~
,,,,~~~~~~~~,#..φ.~#~~~~~~~~~~~
~,,,~~~~~~~~,#mmcm~#~~~~~~~~~~~
~,,~~~~~~~~~.##mm)##P~~~~~~~~~~
~~~~~~,~~~~~..##@##~~~~~~~~~~~~
~~~~~~~~~~~~§~m~.~~~≈~~~~~~~~~~
~~~~~~~~~,~~~§~§~~~P≈~~~~~~~~~~
~~~~~~~~~~~~§~§~~~~~≈~~~~~~~~~~
~~~~~~~~~~~~§~~~~~~~~~~~~~~~~~~
~~~~~~~~≈≈≈≈~~~~~~~~~~~~~~~~~~~
~~~~~~~≈≈≈≈≈≈~~~~~~~~~~~~~~~~~~
~~~~~~≈≈≈≈≈≈≈≈≈≈~~~~~~~~~~~~~~~
~~~~~~≈≈≈≈≈~~....~≈≈≈≈≈~~~~~~~~


You could see 4 merfolk impalers, a satyr, a merfolk aquamancer and a merfolk.

Vanquished Creatures
  Roxanne (Shoals:1)
  2 frost giants (IceCv)
  A very ugly thing (D:15)
  A white draconian (IceCv)
  Snorg (Orc:1)
  2 merfolk javelineers (Shoals:3)
  8 merfolk impalers
  A merfolk avatar (Shoals:2)
  The ghost of Zeor the Cudgeller, a journeyman AtWr of Okawaru (Lair:1)
  A vault guard (D:14)
  3 alligator snapping turtles
  5 ironbound frosthearts (IceCv)
  A catoblepas (Lair:5)
  A hydra (D:14)
  3 merfolk aquamancers
  6 centaur warriors
  The ghost of pigah the Mimic, a journeyman OpSh of Gozag (Lair:1)
  3 boulder beetles
  A dancing weapon (D:14)
  A deep troll shaman (Lair:5)
  3 two-headed ogres
  2 satyrs (Shoals:3)
  A death knight (D:14)
  2 tengu warriors
  4 death yaks (Lair:5)
  2 orc high priests (D:11)
  An occultist (D:14)
  Sonja (Orc:2)
  A skyshark (Shoals:3)
  An arcanist (D:14)
  Lodul (D:10)
  4 sea snakes
  An orange crystal statue (IceCv)
  A phantasmal warrior (D:14)
  A lindwurm (Lair:5)
  23 harpies
  5 orc knights
  13 ugly things
  An orc sorcerer (Orc:1)
  Maurice (D:10)
  3 cyclopes
  14 manticores
  6 fauns
  9 elephants
  2 large abominations (Abyss:2)
  4 water nymphs
  5 black mambas
  4 torpor snails
  6 kobold blastminers (Orc:2)
  10 merfolk sirens
  2 gargoyles
  9 cane toads
  An unseen horror (D:11)
  3 yaktaurs (D:15)
  16 rime drakes
  A yaktaur (shapeshifter) (D:15)
  10 kobold demonologists
  3 freezing wraiths
  3 komodo dragons
  An efreet (Abyss:2)
  A tengu conjurer (D:15)
  Psyche (D:12)
  24 merfolk
  6 trolls
  22 polar bears
  7 wind drakes
  A queen bee (D:9)
  A hornet (Lair:2)
  17 blink frogs
  9 dream sheep
  6 snapping turtles
  6 slime creatures (D:15)
  A centaur simulacrum (D:15)
  6 wyverns
  A vampire (D:10)
  Sigmund (D:2)
  6 water elementals
  6 wraiths
  40 yaks
  A shadow (D:11)
  A ynoxinul (Abyss:2)
  10 humans (D:14)
  4 wargs
  3 steam dragons
  12 vampire mosquitoes
  3 basilisks
  A naga (Lair:2)
  18 water moccasins
  3 acid dragons
  27 orc warriors
  3 ice beasts
  3 sky beasts
  4 black bears
  A laughing skull (Abyss:2)
  15 wolves
  11 ogres
  A small abomination (Abyss:2)
  27 centaurs
  3 phantoms
  A weeping skull (Abyss:2)
  6 kobold brigands
  2 brain worms (Sewer)
  11 bullfrogs
  2 gnoll sergeants
  A scorpion (D:6)
  A scorpion (shapeshifter) (D:15)
  16 wights
  35 killer bees
  9 howler monkeys
  3 electric eels
  16 orc priests
  4 bombardier beetles
  4 hounds
  2 jellies
  A gnoll bouda (D:6)
  4 iguanas
  Natasha (twice) (D:3)
  2 sleepcaps
  13 orc wizards
  8 hell rats (Lair:5)
  10 gnolls
  13 adders
  5 river rats (Sewer)
  A shadow imp (D:7)
  3 white imps
  2 ribbon worms (D:3)
  A dart slug (D:1)
  59 orcs
  3 bats
  6 endoplasms
  7 giant cockroaches
  6 goblins
  6 hobgoblins
  10 jackals
  4 quokkas
  11 ball pythons
  11 frilled lizards
  20 kobolds
  7 rats
866 creatures vanquished.

Vanquished Creatures (others)
  A merfolk (D:14)
  A polar bear (IceCv)
  A human (D:14)
  An orc (Orc:2)
4 creatures vanquished.

Grand Total: 870 creatures vanquished

Notes
Turn   | Place    | Note
-------+----------+-------------------------------------------
     0 | D:1      | monsoonserge the Kobold Monk began the quest for the Orb.
     0 | D:1      | Reached XP level 1. HP: 14/14 MP: 1/1
    76 | D:1      | Reached XP level 2. HP: 13/19 MP: 2/2
   466 | D:1      | Reached XP level 3. HP: 23/23 MP: 3/3
   693 | D:1      | Reached skill level 1 in Stealth
  1127 | D:2      | Found Niti Kiph's Armour Shoppe.
  1621 | D:2      | Identified the +3 leather armour of the Endless Expanse
                  | {rC+ rN+ Int-2 Slay+2}
  1655 | D:2      | Noticed Sigmund
  1665 | D:2      | Killed Sigmund
  1666 | D:2      | Reached skill level 3 in Stealth
  1666 | D:2      | Reached XP level 4. HP: 25/29 MP: 4/4
  1666 | D:2      | Reached XP level 5. HP: 29/33 MP: 5/5
  1666 | D:2      | Reached XP level 6. HP: 33/38 MP: 6/6
  2038 | D:2      | Found Loppigaz's Weapon Boutique.
  2134 | D:3      | Reached skill level 4 in Stealth
  2268 | D:3      | Found a faded altar of an unknown god.
  2384 | D:3      | Found a glowing drain.
  2391 | Sewer    | Entered a sewer
  2476 | Sewer    | Reached skill level 5 in Stealth
  2510 | Sewer    | Reached XP level 7. HP: 22/42 MP: 3/7
  2710 | Sewer    | Reached skill level 6 in Stealth
  3036 | D:3      | Noticed Natasha
  3042 | D:3      | Killed Natasha
  3389 | D:3      | Noticed Natasha
  3393 | D:3      | Killed Natasha
  3427 | D:4      | Reached skill level 1 in Armour
  3499 | D:4      | Found a large runed translucent door.
  3499 | D:4      | Found a large runed translucent door.
  3556 | D:4      | Found a large runed translucent door.
  3562 | D:4      | Found a large runed translucent door.
  3569 | D:4      | Reached skill level 7 in Stealth
  3582 | D:4      | Reached XP level 8. HP: 48/48 MP: 8/8
  3602 | D:4      | Identified the +0 pair of boots "Noihysy" {Rampage Regen+
                  | Int+2 Dex+3}
  3681 | D:4      | Reached skill level 8 in Stealth
  3935 | D:4      | Reached skill level 9 in Stealth
  4191 | D:5      | Entered Level 5 of the Dungeon
  4204 | D:5      | Learned a level 2 spell: Blink
  4229 | D:5      | Reached skill level 10 in Stealth
  4255 | D:5      | Reached skill level 1 in Throwing
  4255 | D:5      | Reached XP level 9. HP: 52/52 MP: 9/9
  4296 | D:5      | Reached skill level 11 in Stealth
  4346 | D:5      | Found a burning altar of Makhleb.
  4348 | D:5      | Found an ornate altar of the Wu Jian Council.
  4349 | D:5      | Found a sparkling altar of Nemelex Xobeh.
  4352 | D:5      | Found a shimmering blue altar of Sif Muna.
  4354 | D:5      | Found a glowing silver altar of Zin.
  4355 | D:5      | Found a stormy altar of Qazlal.
  4359 | D:5      | Found a glowing golden altar of the Shining One.
  4361 | D:5      | Found a shadowy altar of Dithmenos.
  4363 | D:5      | Found an ancient bone altar of Kikubaaqudgha.
  5408 | D:5      | Reached skill level 12 in Stealth
  5460 | D:6      | Reached skill level 5 in Dodging
  5764 | D:6      | Reached skill level 13 in Stealth
  5779 | D:6      | Reached XP level 10. HP: 58/58 MP: 10/10
  5788 | D:6      | Reached skill level 10 in Short Blades
  5947 | D:7      | Reached skill level 5 in Fighting
  5990 | D:7      | Noticed a cyclops
  6000 | D:7      | Noticed a boulder beetle
  6035 | D:6      | Reached skill level 14 in Stealth
  6179 | D:7      | Reached skill level 15 in Stealth
  6230 | D:7      | Killed a boulder beetle
  6236 | D:7      | Reached XP level 11. HP: 34/64 MP: 11/11
  6538 | D:7      | Found a staircase to the Ecumenical Temple.
  6544 | Temple   | Entered the Ecumenical Temple
  6557 | Temple   | Became a worshipper of Uskayaw the Reveller
  6557 | Temple   | Reached * piety under Uskayaw
  6583 | D:7      | Reached ** piety under Uskayaw
  6742 | D:7      | Reached skill level 16 in Stealth
  6857 | D:7      | Banished a cyclops
  6953 | D:7      | Got the Disquisition on Caustic Interference
  7131 | D:7      | Found a runed translucent door.
  7134 | D:7      | Noticed Crazy Yiuf
  8116 | D:8      | Reached *** piety under Uskayaw
  8121 | D:8      | Reached skill level 17 in Stealth
  8243 | D:8      | Reached **** piety under Uskayaw
  8262 | D:8      | Reached skill level 1 in Spellcasting
  8262 | D:8      | Reached skill level 1 in Translocations
  8280 | D:8      | Reached ***** piety under Uskayaw
  8532 | D:9      | Found Tufeon's Book Boutique.
  8599 | D:9      | Reached skill level 18 in Stealth
  8744 | D:9      | Found Gac Qeuk's Antique Weapon Shoppe.
  8830 | D:9      | Reached ****** piety under Uskayaw
  8846 | D:9      | Reached XP level 12. HP: 62/71 MP: 13/13
  8921 | D:9      | Found a staircase to the Orcish Mines.
  9075 | D:9      | Found Nymuafob's Antique Armour Shop.
  9080 | D:9      | Bought an ancient robe for 210 gold pieces
  9080 | D:9      | Identified the +3 robe "Matyom" {rN+ Will+ Archmagi} (You
                  | bought it in a shop on level 9 of the Dungeon)
  9544 | D:10     | Entered Level 10 of the Dungeon
  9587 | D:10     | Reached skill level 1 in Invocations
  9596 | D:10     | Reached skill level 19 in Stealth
  9826 | D:10     | Noticed a two-headed ogre
  9834 | D:10     | Killed a two-headed ogre
  9876 | D:10     | Found a staircase to the Lair.
  9901 | D:10     | Noticed a soul eater
 10015 | D:10     | Noticed Lodul
 10028 | D:10     | Killed Lodul
 10054 | Orc:1    | Entered Level 1 of the Orcish Mines
 10263 | Orc:1    | Reached skill level 5 in Invocations
 10276 | Orc:1    | Noticed Snorg
 10277 | Orc:1    | Killed Snorg
 11142 | D:10     | Noticed Maurice
 11145 | D:10     | Killed Maurice
 11345 | D:10     | Reached XP level 13. HP: 78/78 MP: 7/17
 11835 | D:11     | Found a transporter.
 11933 | D:11     | Found a transporter.
 12564 | Lair:1   | Entered Level 1 of the Lair of Beasts
 12831 | Lair:1   | Reached skill level 10 in Dodging
 12840 | Lair:1   | Found a snail-covered altar of Cheibriados.
 13414 | Lair:1   | Found a runed translucent gate.
 13415 | Lair:1   | Found a runed translucent gate.
 13416 | Lair:1   | Found a runed translucent gate.
 13443 | Lair:1   | Reached skill level 5 in Armour
 13762 | Lair:2   | Identified a scroll of acquirement
 13763 | Lair:2   | Acquired the +2 helmet of the Trombone {rN++}
 14126 | Lair:2   | Found a transporter.
 14170 | Lair:2   | Found a staircase to the Snake Pit.
 14327 | Lair:2   | Found a transporter.
 14341 | Lair:2   | Noticed a catoblepas
 14349 | Lair:2   | Noticed Pechyafi's ghost (journeyman DDEE)
 14561 | Lair:3   | Found a staircase to the Shoals.
 14666 | Lair:3   | Reached skill level 1 in Evocations
 14828 | Lair:2   | Reached XP level 14. HP: 86/86 MP: 20/20
 15658 | Lair:4   | Identified the +5 war axe of Fragile Peace {flame, Fly rN++
                  | Str-5}
 16193 | Lair:5   | Entered Level 5 of the Lair of Beasts
 16386 | Lair:5   | Reached skill level 10 in Fighting
 16452 | Lair:5   | Found the +5 scythe "Finisher" {speed, execute}
 16525 | Lair:5   | Identified the +1 helmet of the Past {Regen+ Str+2}
 16746 | Lair:5   | Reached skill level 5 in Throwing
 17007 | Lair:5   | Found a viscous altar of Jiyva.
 17007 | Lair:5   | Found a staircase to the Slime Pits.
 17944 | D:12     | Reached skill level 10 in Invocations
 18079 | D:12     | Reached XP level 15. HP: 93/93 MP: 22/22
 18275 | D:12     | Noticed Psyche
 18277 | D:12     | Killed Psyche
 18425 | D:12     | Found Xutether's Armour Shoppe.
 18660 | D:13     | Found Qyqelute's Jewellery Boutique.
 18691 | D:13     | Found Fikhik's Jewellery Emporium.
 19068 | D:13     | Found a shimmering altar of Xom.
 19854 | D:14     | Reached skill level 5 in Evocations
 19885 | D:14     | Reached skill level 1 in Shields
 20266 | D:14     | You fall into a shaft and drop 1 floor!
 20266 | D:15     | Entered Level 15 of the Dungeon
 20599 | D:15     | Found a staircase to the Depths.
 20603 | D:15     | Noticed a cyan very ugly thing
 20754 | Abyss:2  | Cast into level 2 of the Abyss (an occultist)
 20943 | Abyss:2  | Found a corrupted altar of Lugonu.
 20956 | Abyss:2  | Found a corrupted altar of Lugonu.
 20970 | D:14     | Escaped the Abyss
 21044 | D:14     | Found a bloodstained altar of Trog.
 21233 | D:14     | Found a gate to the Vaults.
 21635 | D:15     | Reached skill level 5 in Shields
 21635 | D:15     | Reached XP level 16. HP: 75/101 MP: 9/24
 22139 | Lair:1   | Noticed pigah's ghost (journeyman OpSh)
 22139 | Lair:1   | Noticed Zeor's ghost (journeyman AtWr)
 22142 | Lair:1   | Killed Zeor's ghost
 22145 | Lair:1   | Killed pigah's ghost
 22322 | Orc:2    | Entered Level 2 of the Orcish Mines
 22422 | Orc:2    | Found Pyme's Distillery.
 22422 | Orc:2    | Found Junyvifo's Distillery.
 22422 | Orc:2    | Found Urustrod's Assorted Antiques.
 22422 | Orc:2    | Found Vuju's Book Shop.
 22658 | Orc:2    | Found a staircase to the Elven Halls.
 22703 | Orc:2    | Noticed Sonja
 22718 | Orc:2    | Killed Sonja
 22876 | Orc:2    | Bought a potion of curing for 42 gold pieces
 22877 | Orc:2    | Bought a potion of invisibility for 120 gold pieces
 23385 | Shoals:1 | Entered Level 1 of the Shoals
 23584 | Shoals:1 | Reached skill level 5 in Translocations
 23622 | Shoals:1 | Noticed Roxanne
 23631 | Shoals:1 | Killed Roxanne
 25319 | Shoals:2 | Noticed a kraken
 25378 | Shoals:3 | Reached XP level 17. HP: 32/106 MP: 17/25
 25561 | Shoals:3 | Reached skill level 10 in Shields
 25791 | Shoals:3 | Found Muxuel's Merfolk Magic.
 25796 | Shoals:3 | Found Muxuel's Visitors' Centre.
 25796 | Shoals:3 | Found Muxuel's Merfolk Armours.
 26852 | Shoals:4 | Entered Level 4 of the Shoals
 26925 | Shoals:4 | Found a glacial archway.
 26944 | IceCv    | Entered an ice cave
 26999 | IceCv    | Identified the ring of Rehif {rPois rF+ Int+5}
 27643 | IceCv    | Reached XP level 18. HP: 76/112 MP: 19/26
 28000 | Shoals:4 | Got the Lectures on the Torch
 28228 | Shoals:4 | HP: 5/112 [merfolk impaler/+1 trident of flaming (1)]
 28228 | Shoals:4 | Slain by a merfolk impaler

Illustrated notes

Levels and vault maps discovered:
D:1:      roderic_octagonal_star, layout_basic
D:2:      layout_loops_corners, serial_shops, nicolae_diamond_shop, shop_statue,
          hangedman_abyss_or_decor_lesser_grid, uniq_sigmund
D:3:      layout_loops_cross, portal_sewer_entry_d,
          hellmonk_ecumenical_altar_prayer_group, uniq_natasha
D:4:      layout_basic, minmay_hollow_rounded_squares
D:5:      layout_rooms, nicolae_overflow_hallway_of_the_gods,
          kennysheep_small_circle
D:6:      layout_cave_pods
D:7:      minmay_the_grid_four_pointed_star
          [minmay_the_grid_triangle_9x9_warning,
          minmay_the_grid_triangle_9x9_negative_grid,
          minmay_the_grid_triangle_9x9_dagger,
          minmay_the_grid_triangle_9x9_from_above,
          minmay_the_grid_prize_trominoes], layout_loops_ring,
          minmay_temple_entry_antechambers, uniq_crazy_yiuf_cottage
D:8:      layout_basic, minmay_increasing_density
D:9:      layout_loops_ring, orc_0_dummy, serial_shops, shop,
          nicolae_shop_rolling_square, nicolae_shop_hallway_stairs, special_room
          [special_room_bee], corexii_hall_statues_l
D:10:     minmay_razor_zed, layout_irregular_city, david_lair_generic,
          fungi_pond_lemuel, hangedman_abyss_or_decor_clamps,
          grunt_ministairs_6, uniq_maurice, uniq_lodul
D:11:     gammafunk_wand_slinger, layout_stronghold
D:12:     layout_basic, serial_shops, nicolae_inconvenience_store, uniq_psyche
D:13:     layout_cave_pools, serial_shops, nicolae_shop_getting_attention, shop,
          xom_teletrap_fun
D:14:     layout_basic, erik_vaults_1, amcnicky_mini_rare_corridor_liquid,
          roadster_trireme
D:15:     hangedman_depths_entry_try_elsewhere_first, layout_loops_cross,
          minmay_microvault
Temple:   cyrus_circular_temple
Lair:1:   layout_regular_city, gammafunk_ghost_cemetery,
          kennysheep_snail_temple, infiniplex_staircase_pool,
          serial_bayou_shore_b
Lair:2:   layout_big_grid, guppyfry_snake_entry_garden, nzn_ghost_randoct,
          nicolae_quartered_pool_medium, amcnicky_mini_pool_medium,
          lemuel_fruit_tree
Lair:3:   layout_cave_shapes, minmay_shoals_entry_centaurs
Lair:4:   layout_cave_pods
Lair:5:   grunt_lair_end_beastmaster, layout_cave_pods, slime_entry_1
Shoals:1: layout_shoals, uniq_roxanne
Shoals:2: layout_shoals, nicolae_shoals_seven_spires
Shoals:3: nicolae_shoals_mermall, layout_shoals,
          nicolae_shoals_pincushion_passage
Shoals:4: shoals_end_simple, layout_shoals, portal_ice_cave_entry_pillars_three
Orc:1:    layout_caves, basic_altar, uniq_snorg
Orc:2:    st_orc_rangers, layout_caves, uniq_sonja

Skill      XL: |  1  2  3  4  5  6  7  8  9 10 11 12 13 14 15 16 17 |
---------------+----------------------------------------------------+-----
Dodging        | 4 5 6 8 11 13 14 | 14.0
Stealth        | 3 5 7 10 13 15 18 19 | 19.0
Short Blades   | 6 7 8 9 10 11 | 11.0
Fighting       | 4 6 8 9 10 12 | 12.0
Armour         | 1 2 3 4 5 6 7 |  7.0
Throwing       | 1 2 3 4 5 6 |  6.0
Spellcasting   | 1 2 |  2.0
Translocations | 2 4 5 6 |  6.5
Invocations    | 6 8 10 11 | 11.8
Evocations     | 1 4 5 |  5.0
Shields        | 5 9 13 | 13.5

Action                     |  1- 3 |  4- 6 |  7- 9 | 10-12 | 13-15 | 16-18 || total
---------------------------+-------+-------+-------+-------+-------+-------++-------
  Melee: Short sword       |    68 |       |       |       |       |       ||    68
         Rapier            |    29 |    73 |    34 |       |       |       ||   136
         Punch             |     1 |     1 |     2 |     5 |     6 |       ||    15
         Dagger            |       |       |   166 |   462 |   605 |   667 ||  1900
  Throw: Dart              |       |       |     7 |    13 |    13 |     2 ||    35
         Boomerang         |       |       |       |       |     1 |    18 ||    19
 Invoke: Stomp             |       |       |       |    10 |    65 |    50 ||   125
         Line Pass         |       |       |       |     2 |       |     5 ||     7
  Evoke: Wand              |       |       |       |       |       |     1 ||     1
         Lightning rod     |       |       |       |       |       |     4 ||     4
    Use: Scroll            |       |       |     9 |    10 |    16 |     7 ||    42
         Potion            |       |       |       |       |     3 |     4 ||     7
   Stab: Sleeping          |    15 |    18 |    46 |    75 |    97 |    82 ||   333
         Distracted        |       |       |     5 |     3 |    17 |    17 ||    42
         Paralysed         |       |       |       |    10 |    43 |    40 ||    93
         Confused          |       |       |       |     1 |       |     7 ||     8
         Petrified         |       |       |       |       |     1 |       ||     1
 Armour: Robe              |    23 |       |       |       |       |       ||    23
         Leather armour    |     3 |     5 |    48 |    71 |   165 |   198 ||   490
         Ring mail         |     3 |       |       |       |       |       ||     3
  Dodge: Dodged            |    59 |    42 |    87 |   270 |   471 |   397 ||  1326
  Block: Kite shield       |       |       |       |       |    86 |   461 ||   547
